 Dungeon Crawl Stone Soup version 0.19-a0-1207-g69d5fc3 (webtiles) character file.

1033 PurpleRed the Destroyer (level 8, 0/41 HPs)
             Began as a Deep Elf Fire Elementalist on Aug 21, 2016.
             Was an Initiate of Vehumet.
             Slain by Gastronok (15 damage)
             ... on level 8 of the Dungeon.
             The game lasted 00:23:11 (2334 turns).

PurpleRed the Destroyer (DEFE)                      Turns: 2334, Time: 00:23:11

Health: 0/41       AC:  8    Str:  5    XL:     8   Next: 3%
Magic:  4/21       EV: 13    Int: 23    God:    Vehumet [......]
Gold:   84         SH:  0    Dex: 15    Spells: 4 memorised, 8 levels left

rFire  . . .     SeeInvis .     v - +0 war axe
rCold  . . .     Gourm    .     u - +2 robe {MR+}
rNeg   . . .     Faith    .     (no shield)
rPois  .         Spirit   .     s - +2 helmet
rElec  .         Dismiss  .     l - +0 cloak
rCorr  .         Reflect  .     (no gloves)
MR     +....     Harm     .     (no boots)
Stlth  ++++......               (no amulet)
                                p - ring of wizardry
                                r - ring of stealth

@: no status effects
A: camouflage 1
a: Renounce Religion


You were on level 8 of the Dungeon.
You worshipped Vehumet.
Vehumet was noncommittal.
You were not hungry.

You visited 1 branch of the dungeon, and saw 9 of its levels.

You collected 84 gold pieces.

Inventory:

Hand Weapons
 g - a +0 club
 h - a +1 dagger
 v - a +0 war axe (weapon)
 x - a +0 shortbow of flaming
Missiles
 f - 13 poisoned needles
 y - 21 arrows
Armour
 l - a +0 cloak (worn)
 s - a +2 helmet (worn)
 u - a +2 robe of magic resistance (worn)
 w - a +0 buckler
Jewellery
 j - an uncursed ring of flight
 p - a ring of wizardry (right hand)
 q - an uncursed ring of ice
 r - a ring of stealth (left hand)
Scrolls
 i - a scroll of identify
Potions
 a - a potion of flight
 d - 2 potions of lignification
 e - a potion of curing
 k - a potion of agility
Books
 b - a book of Flames

   Spells                             Type                      Level
   a - Flame Tongue                   Conjuration/Fire             1
   b - Throw Flame                    Conjuration/Fire             2
   c - Conjure Flame                  Conjuration/Fire             3
   d - Inner Flame                    Hexes/Fire                   3
   e - Sticky Flame                   Conjuration/Fire             4
   f - Fireball                       Conjuration/Fire             5
 A - a book of the Sky

   Spells                             Type                      Level
   a - Summon Lightning Spire         Summoning/Air                4
   b - Airstrike                      Air                          4
   c - Silence                        Hexes/Air                    5
   d - Deflect Missiles               Charms/Air                   6
   e - Conjure Ball Lightning         Conjuration/Air              6
   f - Tornado                        Air                          9
Comestibles
 c - 12 bread rations
 m - 3 beef jerkies
 n - 2 fruits
 o - a meat ration
 t - a slice of pizza
 z - 2 chunks of flesh


   Skills:
 - Level 2.4 Dodging
 - Level 2.4 Stealth
 + Level 7.4 Spellcasting
 * Level 8.5 Conjurations
 - Level 3.2 Fire Magic


You had 8 spell levels left.
You knew the following spells:

 Your Spells              Type           Power        Failure   Level  Hunger
a - Flame Tongue          Conj/Fire      #####        1%          1    None
b - Sticky Flame          Conj/Fire      #####...     4%          4    ###....
c - Conjure Flame         Conj/Fire      #####...     1%          3    None
d - Fireball              Conj/Fire      #####.....   9%          5    #####..


Dungeon Overview and Level Annotations

Branches:
Dungeon (9/15)
 Temple: D:4-7         Lair: D:8-11         Orc: D:9-12

Altars:
Makhleb
Uskayaw
Vehumet

Annotations:
D:8 Gastronok


Innate Abilities, Weirdness & Mutations

Your skin changes colour to match your surroundings (Stealth+).


Message History

Gastronok waves his eye-stalks in wide circles.
The air twists around and strikes you!
Ouch! That really hurt!
Casting: Fireball
Confirm with . or Enter, or press ? or * to list all spells.
Aiming: Flame Tongue
Press: ? - help, Shift-Dir - straight line, f - Gastronok
Aim: Gastronok, wearing a hat (moderately wounded, covered in liquid flames)
The flame tongue hits Gastronok.
Gastronok is moderately wounded.
Gastronok burns!
Gastronok stops burning.
Casting: Flame Tongue
Confirm with . or Enter, or press ? or * to list all spells.
Aiming: Sticky Flame
Press: ? - help, Shift-Dir - straight line, f/p - Gastronok
Aim: Gastronok, wearing a hat (moderately wounded)
The sticky flame hits Gastronok.
Gastronok is moderately wounded.
Gastronok is covered in liquid flames!
Gastronok burns!
Gastronok bites you!
You die...

#.# #.# #.# #(# #
######### #.######.#
........#######........#
........................
.#....................#
.#.####.########@w....#
<.....#.# #...........#
.#.#.##.# #.......#####
.#.#....##........#
.#.#######.######## ...#
8 .### ##


You could see Gastronok (burning).

Vanquished Creatures
  A spriggan (D:7)
  An ice beast (D:6)
  A phantom (D:8)
  A centaur (D:7)
  The ghost of PurpleRed the Magician, an amateur DEFE (D:4)
  A giant frog (D:8)
  A killer bee (D:8)
  A howler monkey (D:4)
  2 giant frog zombies
  An orc priest (D:7)
  A hound (D:4)
  A centaur zombie (D:4)
  A giant frog skeleton (D:7)
  3 worker ants
  A hound skeleton (D:5)
  A gnoll (D:5)
  6 adders
  3 worms
  3 giant geckos
  13 orcs
  2 giant cockroaches
  8 goblins
  9 hobgoblins
  3 jackals
  5 kobolds
  A quokka (D:7)
  A ball python (D:2)
  3 bats (D:2)
  2 giant gecko zombies (D:4)
  2 giant newts
  A jackal zombie (D:4)
  5 rats
86 creatures vanquished.

Notes
Turn   | Place    | Note
-------+----------+-------------------------------------------
     0 | D:1      | PurpleRed the Deep Elf Fire Elementalist began the quest for the Orb.
     0 | D:1      | Reached XP level 1. HP: 10/10 MP: 6/6
     8 | D:1      | Noticed a giant frog
   142 | D:1      | Reached skill level 2 in Conjurations
   185 | D:2      | Reached XP level 2. HP: 14/15 MP: 2/8
   248 | D:2      | Reached XP level 3. HP: 10/19 MP: 0/10
   281 | D:2      | Reached skill level 3 in Conjurations
   623 | D:3      | Reached skill level 4 in Conjurations
   623 | D:3      | Reached XP level 4. HP: 7/24 MP: 0/12
   683 | D:3      | Learned a level 4 spell: Sticky Flame
   748 | D:4      | Reached XP level 5. HP: 14/28 MP: 8/13
   774 | D:4      | Gained mutation: Your skin changes colour to match your surroundings (Stealth+). [potion of beneficial mutation]
   781 | D:4      | Reached skill level 5 in Conjurations
   786 | D:4      | Found a hide-covered altar of Uskayaw.
   832 | D:3      | Reached skill level 5 in Spellcasting
  1066 | D:5      | Entered Level 5 of the Dungeon
  1100 | D:4      | Noticed PurpleRed's ghost (amateur DEFE)
  1128 | D:4      | Killed PurpleRed's ghost
  1128 | D:4      | Reached XP level 6. HP: 21/32 MP: 5/15
  1142 | D:4      | Learned a level 3 spell: Conjure Flame
  1148 | D:4      | Learned a level 5 spell: Fireball
  1170 | D:4      | Found a burning altar of Makhleb.
  1215 | D:4      | Reached skill level 6 in Conjurations
  1519 | D:6      | Noticed an ice beast
  1530 | D:6      | Killed an ice beast
  1558 | D:7      | Reached XP level 7. HP: 36/36 MP: 7/17
  1693 | D:7      | Reached skill level 7 in Conjurations
  1843 | D:7      | Noticed a spriggan baker
  1848 | D:7      | Killed a spriggan baker
  2088 | D:7      | Found a radiant altar of Vehumet.
  2103 | D:7      | Became a worshipper of Vehumet
  2172 | D:8      | Reached skill level 8 in Conjurations
  2252 | D:8      | Reached XP level 8. HP: 41/41 MP: 6/21
  2325 | D:8      | Noticed Gastronok
  2334 | D:8      | Slain by Gastronok

Vault maps used:
D:1:      evilmike_arrival_come_back
D:3:      corexii_shack_village, first_bread, wad_floor_pattern_1,
          roderic_roman_lattice
D:4:      kennysheep_mini_moat, kennysheep_mini, serial_undead, serial_undead_e,
          serial_undead_e, serial_undead_d, serial_undead_c
D:5:      serial_shops, nicolae_shop_crystal, small_statue_intersection
D:6:      nicolae_overflow_quartered_altars
D:7:      overflow_temple_1_default, the_bakery, minmay_misc_feat_nine_boxes
D:8:      due_megacathedral, uniq_joseph, uniq_gastronok
D:9:      serial_shops, nicolae_shop_competitors_out_of_business, tso_metal_star

Skill      XL: |  1  2  3  4  5  6  7 |
---------------+----------------------+-----
Conjurations   | 2 4 5 6 8 |  8.5
Spellcasting   | 4 5 7 |  7.4
Dodging        | |  2.4
Stealth        | |  2.4
Fire Magic     | |  3.2

Action                   |  1- 3 |  4- 6 |  7- 9 || total
-------------------------+-------+-------+-------++-------
Melee: Dagger            |    51 |    38 |    12 ||   101
       War axe           |       |       |    68 ||    68
 Fire: Shortbow          |       |       |     3 ||     3
Throw: Tomahawk          |       |       |     5 ||     5
 Cast: Flame Tongue      |    64 |    43 |    42 ||   149
       Sticky Flame      |       |     8 |     7 ||    15
       Fireball          |       |       |     1 ||     1
  Use: Scroll            |       |     6 |     1 ||     7
       Potion            |       |     2 |     3 ||     5
 Stab: Sleeping          |       |     2 |     1 ||     3
  Eat: Chunk             |       |     3 |     4 ||     7
Armor: Robe              |    19 |    32 |    51 ||   102
Dodge: Dodged            |    75 |    48 |    79 ||   202
